[Event "Hungarian Youth-ch U10 2022"]
[Site "Eger"]
[Date "2022.07.31"]
[Round "9.7"]
[White "Biro, Csilla"]
[Black "Hangyal, Anna"]
[Result "0-1"]
[ECO "B24"]
[WhiteElo "1215"]
[BlackElo "1154"]
[Annotator "NA RC"]
[PlyCount "60"]
[EventDate "2022.07.21"]
[EventType "tourn"]
[EventCountry "HUN"]
[SourceTitle "playchess.com"]
[Source "ChessBase"]
[SourceQuality "1"]
[TimeControl "40/5400+30:1800+30"]

1. e4 c5 2. Nc3 Nc6 3. g3 g6 4. Bg2 Bg7 5. d3 e5 6. Be3 d6 7. Nd5 Nge7 8. Qd2 Nxd5 9. exd5 Nd4 10. Nf3 Bh3 11. Nxd4 Bxg2 12. Rg1 cxd4 13. Bg5 f6 14. Bxf6 Bxf6 15. Rxg2 Rc8 16. f4 O-O 17. O-O-O b6 18. Kb1 a5 19. fxe5 dxe5 20. g4 Qxd5 21. g5 Bg7 22. Rg3 Rf7 23. Qe2 Rcf8 24. Rh3 Rf2 25. Qg4 Rf1 26. Rc1 Rxc1+ 27. Kxc1 Qh1+ 28. Kd2 Rf2+ 29. Qe2 Rxe2+ 30. Kxe2 Qg2+ 0-1

[Event "Hungarian Youth-ch U10 2022"]
[Site "Eger"]
[Date "2022.07.31"]
[Round "9.8"]
[White "Csiszar, Vivien"]
[Black "Wang, Luomeng"]
[Result "1-0"]
[ECO "B15"]
[WhiteElo "1068"]
[BlackElo "1078"]
[Annotator "NA RC"]
[PlyCount "69"]
[EventDate "2022.07.21"]
[EventType "tourn"]
[EventCountry "HUN"]
[SourceTitle "playchess.com"]
[Source "ChessBase"]
[SourceQuality "1"]
[TimeControl "40/5400+30:1800+30"]

1. e4 c6 2. d4 d5 3. Nc3 e6 4. e5 Bb4 5. Nf3 Ne7 6. Bd3 Bxc3+ 7. bxc3 O-O 8. Bxh7+ Kh8 9. Bd3 Ng8 10. Ng5 Nh6 11. Qh5 Qe7 12. a4 Nd7 13. Bg6 Kg8 14. Bd3 b6 15. Nf3 Nf5 16. Bxf5 g6 17. Qh6 exf5 18. Ng5 f6 19. Qxg6+ Qg7 20. Qxg7+ Kxg7 21. Ne6+ Kf7 22. Nxf8 Nxf8 23. exf6 Kxf6 24. Bf4 Ba6 25. h4 Re8+ 26. Be5+ Kg6 27. h5+ Kh6 28. Kd2 Nd7 29. Bf4+ Kh7 30. Rhe1 Rd8 31. Re7+ Kg8 32. Bc7 Rf8 33. Rxd7 Rf7 34. Rxf7 Kxf7 35. Rh1 1-0